 Dungeon Crawl Stone Soup version 0.17.2-1-ge4368a0 (webtiles) character file.

31 Goblin1989 the Firebug (level 3, -2/19 HPs)
             Began as a Gargoyle Fire Elementalist on Sept 28, 2016.
             Slain by Sigmund
             ... wielding a +0 scythe
              (3 damage)
             ... on level 2 of the Dungeon on Sept 29, 2016.
             The game lasted 00:07:27 (1253 turns).

Goblin1989 the Firebug (Gargoyle Fire Elementalist) Turns: 1253, Time: 00:07:27

Health: -2/19      AC:  5    Str: 11    XL:     3   Next: 22%
Magic:  2/6        EV: 12    Int: 16    God:
Gold:   94         SH:  0    Dex: 10    Spells: 1 memorised, 6 levels left

rFire  . . .     SeeInvis .     (no weapon)
rCold  . . .     Clarity  .     a - +0 robe
rNeg   + . .     SustAt   .     (no shield)
rPois  ∞         Gourm    .     (no helmet)
rElec  +         Spirit   .     (no cloak)
rCorr  .         Warding  .     (no gloves)
rMut   .         Stasis   .     (no boots)
MR     .....                    (no amulet)
Stlth  ++........               (no ring)
                                (no ring)

@: very slightly contaminated, not resistant to hostile enchantments, unstealthy
A: negative energy resistance 1, electricity resistance, unbreathing,
petrification resistance, rot immunity, AC +3
a: no special abilities


You were on level 2 of the Dungeon.
You were not hungry.

You visited 1 branch of the dungeon, and saw 2 of its levels.

You collected 94 gold pieces.

Inventory:

Armour
 a - a +0 robe (worn)
Scrolls
 d - 6 scrolls of identify {unknown}
 e - a scroll of immolation {unknown}
Books
 b - a book of Flames

   Spells                             Type                      Level
   a - Flame Tongue                   Conjuration/Fire             1
   b - Throw Flame                    Conjuration/Fire             2
   c - Conjure Flame                  Conjuration/Fire             3
   d - Inner Flame                    Hexes/Fire                   3
   e - Sticky Flame                   Conjuration/Fire             4
   f - Fireball                       Conjuration/Fire             5
Comestibles
 c - 4 bread rations
 f - a royal jelly
 g - a meat ration
 h - a slice of pizza
 i - a chunk of flesh


   Skills:
 - Level 1.6 Dodging
 - Level 2.1 Stealth
 + Level 2.5 Spellcasting
 * Level 2.1 Conjurations
 * Level 3.3 Fire Magic


You had 6 spell levels left.
You knew the following spells:

 Your Spells              Type           Power        Failure   Level  Hunger
a - Flame Tongue          Conj/Fire      ##...        10%         1    #......


Dungeon Overview and Level Annotations

Branches:
Dungeon (2/15)

Altars:

Annotations:
D:2 Sigmund


Innate Abilities, Weirdness & Mutations

You are resistant to torment.
Your stone body is resilient (AC +3).
You are immune to poison.
You resist negative energy.
You are resistant to electric shocks.
You can survive without breathing.
You are immune to petrification.
You are immune to rotting.


Message History

The flame tongue misses Sigmund.
Sigmund points at you and mumbles some strange words.
The puff of flame hits you!
* * * LOW HITPOINT WARNING * * *
Casting: Flame Tongue
Confirm with . or Enter, or press ? or * to list all spells.
Aiming: Flame Tongue
Press: ? - help, Shift-Dir - straight line, f/p - Sigmund
Aim: Sigmund, wielding a scythe and wearing a robe (unusually strong)
The flame tongue misses Sigmund.
Sigmund hits you with a scythe.
* * * LOW HITPOINT WARNING * * *
Casting: Flame Tongue
Confirm with . or Enter, or press ? or * to list all spells.
Aiming: Flame Tongue
Press: ? - help, Shift-Dir - straight line, f/p - Sigmund
Aim: Sigmund, wielding a scythe and wearing a robe (unusually strong)
The flame tongue hits Sigmund.
Sigmund is moderately wounded.
Sigmund hits you with a scythe.
You die... ਜਜਜਜਜਜਜਜਜਜਜ ਜ.......... ਜ.ਜ......ਜ ਜਜਜਜਜਜਜਜਜਜਜ

ਜ.ਜ......ਜ
.÷........ਜਜਜਜਜ........ਜ
..........ਜ....@@......ਜ
..........ਜ.ਜਜਜਜਜ..?...ਜ
..........∆.........=>.ਜ
....(.....ਜ.ਜ..ਜ.......ਜ
..........ਜ.ਜ..ਜ.......ਜ
.ਜਜਜਜਜਜਜਜਜਜ.ਜ..ਜ.......ਜ
ਜਜ ਜਜਜਜਜਜ.......ਜ
ਜ.ਜਜਜਜਜਜਜ ਜ..


You could see Sigmund.

Vanquished Creatures
  An adder (D:2)
  2 bats
  5 giant cockroaches (D:1)
  2 goblins (D:1)
  3 hobgoblins
  A ball python (D:1)
  2 giant geckos
  3 kobolds (D:1)
  4 rats (D:1)
23 creatures vanquished.

Vanquished Creatures (others)
  7 toadstools (D:1)
7 creatures vanquished.

Grand Total: 30 creatures vanquished

Notes
Turn   | Place    | Note
--------------------------------------------------------------
     0 | D:1      | Goblin1989 the Gargoyle Fire Elementalist began the quest for the Orb.
     0 | D:1      | Reached XP level 1. HP: 10/10 MP: 3/3
   284 | D:1      | Reached XP level 2. HP: 15/15 MP: 1/5
   974 | D:2      | Reached XP level 3. HP: 19/19 MP: 2/6
  1244 | D:2      | Noticed Sigmund
  1253 | D:2      | Slain by Sigmund

Action                   || total
-------------------------++-------
Melee: Unarmed           ||    26
 Cast: Flame Tongue      ||    44
  Use: Potion            ||     1
  Eat: Chunk             ||     2

Vault maps used:
D:1:      nagdon_arrival_zigzag_paths, serial_glass, glass_columns_a,
          glass_columns_b
D:2:      overflow_temple_1_default, first_bread, kennysheep_big_empty_room,
          uniq_crazy_yiuf_cottage, uniq_sigmund
